 Dungeon Crawl Stone Soup version 0.27.1-1-g398f81649c (webtiles) character file.

Game seed: 11620455050938769929

240 Icepheonix32 the Covert (level 6, -1/37 HPs)
             Began as a Kobold Delver on Sept 18, 2021.
             Was an Initiate of Dithmenos.
             Slain by a river rat (4 damage)
             ... on level 3 of the Dungeon.
             The game lasted 00:04:05 (1517 turns).

Icepheonix32 the Covert (Kobold Delver)             Turns: 1517, Time: 00:04:06

Health: -1/37      AC:  3    Str:  9    XL:     6   Next: 30%
Magic:  6/6        EV: 16    Int: 12    God:    Dithmenos [......]
Gold:   60         SH:  0    Dex: 18    Spells: 5/5 levels left

rFire    . . .     SeeInvis .   a - +0 short sword
rCold    . . .     Faith    .   (shield restricted)
rNeg     . . .     Spirit   .   b - +0 leather armour
rPois    .         Reflect  .   (no helmet)
rElec    .         Harm     .   m - scarf {shadows}
rCorr    .         Rampage  .   (no gloves)
Will     .....                  (no boots)
Stlth    +++++.....             (no amulet)
HPRegen  0.12/turn              (no ring)
MPRegen  0.10/turn              (no ring)

@: no status effects
A: small, no large weapons, nightstalker 3
a: Renounce Religion


You were on level 3 of the Dungeon.
You worshipped Dithmenos.
Dithmenos was noncommittal.
You visited 1 branch of the dungeon, and saw 3 of its levels.
You also visited: Sewer.

You collected 60 gold pieces.

Inventory:

Hand Weapons
 a - a +0 short sword (weapon)
Missiles
 i - 5 poisoned darts (quivered)
Armour
 b - a +0 leather armour (worn)
 m - a scarf of shadows (worn)
 o - a +1 ring mail of willpower
Wands
 d - a wand of mindburst (6)
 g - a wand of digging (3)
Scrolls
 c - a scroll of fog
 e - a scroll of identify {unknown}
 k - a scroll of holy word {unknown}
 l - a scroll of amnesia {unknown}
 n - a scroll of noise {unknown}
Potions
 f - a potion of flight


   Skills:
 - Level 3.2 Fighting
 - Level 2.6 Short Blades
 * Level 4.2 Dodging
 + Level 9.8 Stealth


You had 5 spell levels left.
You didn't know any spells.
Your spell library was empty.

Dungeon Overview and Level Annotations

Branches:
Dungeon (5/15)              Sewer (visited)
 Temple: D:4-7

Altars:
Dithmenos
Fedhas
Kikubaaqudgha


Innate Abilities, Weirdness & Mutations

You are small and have problems with some larger weapons.
You are completely attuned to the shadows.


Message History

There is a gate leading back out of this place here.
There is a collapsed entrance here.
You reach down and open the door. 2 river rats come into view.
A river rat comes into view.
There is an open door here.
You barely miss the river rat. The river rat closely misses you.
You hit the river rat but do no damage. The river rat bites you! x2
You hit the river rat but do no damage. The river rat bites you.
The river rat bites you!
You hit the river rat.
The river rat is lightly wounded.
The river rat bites you!
* * * LOW HITPOINT WARNING * * *
You feel better. The river rat bites you.
* * * LOW HITPOINT WARNING * * *
There is an open door here.
You barely miss the river rat.
The river rat is lightly wounded.
You are starting to lose your buoyancy.
The river rat bites you.
* * * LOW HITPOINT WARNING * * *
The river rat barely misses you.
You closely miss the river rat. The river rat misses you.
You see here a rat skeleton.
You float gracefully downwards.
You hit the river rat.
The river rat is moderately wounded.
You closely miss the river rat.
The river rat is moderately wounded.
The river rat barely misses you.
The river rat bites you but does no damage.
Okay, then.
As you read the scroll of fog, it crumbles to dust.
The scroll dissolves into smoke.
The river rat closely misses you. The river rat bites you!
* * * LOW HITPOINT WARNING * * *
The river rat barely misses you. The river rat bites you.
You die...

########## #§§§≈#≈≈≈#
#§r§≈'≈.≈# #@r§≈#≈≈≈#
#§§§≈##'##
#####..≈≈≈≈≈≈#
#.......≈.≈≈≈#
*##########.###.....r≈≈#
#....)......# #....,,,,*
#...........# ####.,****
##...........# **,*
.............# *,*


You could see 2 river rats.

Vanquished Creatures
  A kobold brigand (Sewer)
  A scorpion (D:5)
  An iguana (D:5)
  Ijyb (D:3)
  3 river rats (Sewer)
  An adder (D:3)
  An adder skeleton (D:4)
  A worm (D:4)
  An endoplasm (D:4)
  A giant cockroach (D:3)
  A hobgoblin (D:4)
  2 jackals (Sewer)
  A quokka (D:4)
  3 ball pythons
  5 kobolds (Sewer)
  5 rats
29 creatures vanquished.

Notes
Turn   | Place    | Note
-------+----------+-------------------------------------------
     0 | D:5      | Icepheonix32 the Kobold Delver began the quest for the Orb.
     0 | D:5      | Reached XP level 1. HP: 14/14 MP: 1/1
    23 | D:5      | Noticed a scorpion
    27 | D:5      | Killed a scorpion
    28 | D:5      | Reached skill level 8 in Stealth
    28 | D:5      | Reached XP level 2. HP: 19/19 MP: 2/2
    28 | D:5      | Reached XP level 3. HP: 23/23 MP: 3/3
    28 | D:5      | Reached XP level 4. HP: 28/28 MP: 4/4
    32 | D:5      | Found a shadowy altar of Dithmenos.
    37 | D:5      | Became a worshipper of Dithmenos the Shadowed
    94 | D:5      | Found an ancient bone altar of Kikubaaqudgha.
   115 | D:5      | Found a blossoming altar of Fedhas.
   166 | D:4      | Noticed an ogre
   307 | D:4      | Reached XP level 5. HP: 32/32 MP: 5/5
   552 | D:3      | Noticed Ijyb
   555 | D:3      | Killed Ijyb
   556 | D:3      | Reached skill level 9 in Stealth
   600 | D:3      | Found a glowing drain.
   606 | Sewer    | Entered a sewer
   762 | Sewer    | Noticed a kobold brigand
   806 | Sewer    | HP: 1/32 [kobold brigand (10)]
   822 | Sewer    | Killed a kobold brigand
   823 | Sewer    | Reached XP level 6. HP: 12/37 MP: 6/6
  1425 | Sewer    | Found a white marble altar of Elyvilon.
  1517 | D:3      | Slain by a river rat

Illustrated notes

Levels and vault maps discovered:
D:3:      layout_basic, portal_sewer_entry_e, serial_corexii_hall,
          corexii_hall_statues_s, chequers_hall_statues_wall_a,
          kennysheep_generic_room_4, uniq_ijyb
D:4:      layout_loops_ring, mainiacjoe_overflow_tiny_flanked
D:5:      layout_cave_pools, grunt_temple_overflow_growth_and_decay,
          nicolae_dithmenos_through_a_glass_darkly, slow_altar_1,
          chequers_garden

Skill      XL: |  1  2  3  4  5 |
---------------+----------------+-----
Dodging        | 3 4 |  4.2
Stealth        | 8 9 |  9.8
Fighting       | |  3.2
Short Blades   | |  2.6

Action                   |  1- 3 |  4- 6 || total
-------------------------+-------+-------++-------
Melee: Short sword       |     1 |   125 ||   126
Throw: Dart              |       |     5 ||     5
Evoke: Wand              |       |     2 ||     2
  Use: Scroll            |       |     3 ||     3
       Potion            |       |     6 ||     6
 Stab: Sleeping          |     1 |    11 ||    12
Armor: Leather armour    |       |    16 ||    16
Dodge: Dodged            |       |    88 ||    88
